 Dungeon Crawl Stone Soup version 0.30.0-29-ga12c61a403 (webtiles) character file.

Game seed: 6712788295328305374

164 Bnni the Digger (level 5, -4/38 HPs)
             Began as a Formicid Earth Elementalist on June 5, 2023.
             Killed by nerve-wracking pain
             ... invoked by an orc priest
              (13 damage)
             ... on level 3 of the Dungeon.
             The game lasted 00:03:46 (2026 turns).

Bnni the Digger (Formicid Earth Elementalist)       Turns: 2026, Time: 00:03:46

Health: -4/38      AC:  2    Str: 13    XL:     5   Next: 73%
Magic:  1/9        EV: 12    Int: 16    God:
Gold:   131        SH:  0    Dex: 14    Spells: 3/9 levels left

rFire   . . .        l - +1 dagger (venom)
rCold   . . .        (no shield)
rNeg    . . .        a - +0 robe
rPois   .            (helmet unavailable)
rElec   .            (no cloak)
rCorr   .            (no gloves)
SInv    +            (no boots)
Will    .....        (no amulet)
Stlth   ++           d - ring of wizardry
HPRegen 0.26/turn    (no ring)
MPRegen 0.11/turn

%: wizardry (x1)
@: no status effects
A: permanent stasis, dig shafts and tunnels, antennae 3, four strong arms
a: Dig, Shaft Self


You were on level 3 of the Dungeon.
You visited 1 branch of the dungeon, and saw 3 of its levels.

You collected 131 gold pieces.

Inventory:

Hand Weapons
 l - a +1 dagger of venom (weapon)
Armour
 a - a +0 robe (worn)
 g - a +0 ring mail
Jewellery
 d - a ring of wizardry (left hand)
Scrolls
 c - a scroll of enchant weapon {unknown}
 f - 3 scrolls of identify {unknown}
Potions
 b - 3 potions of magic
 h - a potion of might {unknown}
 i - a potion of heal wounds {unknown}
 j - a potion of flight {unknown}
 k - a potion of curing {unknown}


   Skills:
 + Level 2.1 Fighting
 - Level 1.7 Dodging
 - Level 2.4 Stealth
 + Level 2.9 Spellcasting
 * Level 0.2 Conjurations
 - Level 3.0 Transmutations
 * Level 5.1 Earth Magic


You had 3 spell levels left.
You knew the following spells:

 Your Spells              Type           Power      Damage    Failure   Level
a - Sandblast             Erth           38%        2d10      1%          1
b - Passwall              Tmut/Erth      12%        N/A       2%          2
c - Stone Arrow           Conj/Erth      22%        3d8       8%          3

Your spell library contained the following spells:

 Spells                   Type           Power      Damage    Failure   Level
 Petrify                  Tmut/Erth      15%        N/A       14%         4


Dungeon Overview and Level Annotations

Branches:
Dungeon (3/15)

Altars:


Innate Abilities, Weirdness & Mutations

You cannot be hasted, slowed, berserked, paralysed or teleported.
You can dig through walls and to a lower floor.
You have a pair of large antennae on your head. (SInv)
Your four strong arms can wield two-handed weapons with a shield.


Message History

You kill the gnoll!
Unknown command.
You hit the orc.
The orc is poisoned.
The orc is moderately wounded.
The orc barely misses you.
You barely miss the orc.
The orc is severely wounded.
You kill the orc!
You barely miss the orc.
The orc priest calls down the wrath of Beogh upon you.
Beogh smites you!
* * * LOW HITPOINT WARNING * * *
The orc hits you with a +0 dagger.
* * * LOW HITPOINT WARNING * * *
Unknown command.
Okay, then.
You closely miss the orc. The orc completely misses you.
Unknown command.
Aiming: Sandblast (safe; 1% risk of failure)
Press: ? - help, Q - select action, (/) - cycle Shift-Dir - straight line, p - orc priest
Okay, then.
The orc shouts!
You hit the orc.
The orc is moderately wounded.
The orc barely misses you.
Unknown command.
You hit the orc.
The orc is severely wounded.
The orc closely misses you.
You hit the orc.
You kill the orc!
Unknown command.
Aiming: Sandblast (safe; 1% risk of failure)
Press: ? - help, Q - select action, (/) - cycle Shift-Dir - straight line, f/p - orc priest
Aim: an orc priest, wielding a +0 falchion (82% to hit)
The blast of sand hits the orc priest.
The orc priest is moderately wounded.
The orc priest mumbles some strange prayers to Beogh against you.
Pain shoots through your body!
You die...

#... ###########...
#.........#...
#.........#.).
######.........#... #.
...###..........). #..
#.###...........< ...#
##oo..............
....####@##..............
)...o..####.......##...#.
.....o.............#..##[
.....g.....{.............
........?.............†..
.........................
...........o.............
....?....................
.....?...................


You could see an orc priest and an orc.

Vanquished Creatures
  Terence (D:2)
  An orc wizard (D:3)
  Robin (D:2)
  2 gnolls (D:3)
  2 worms (D:2)
  3 dart slugs
  5 orcs (D:3)
  6 endoplasms
  4 giant cockroaches (D:2)
  9 goblins
  7 hobgoblins
  2 jackals (D:1)
  2 quokkas (D:1)
  5 ball pythons
  6 bats (D:1)
  4 frilled lizards
  5 kobolds
  2 rats
67 creatures vanquished.

Notes
Turn   | Place    | Note
-------+----------+-------------------------------------------
     0 | D:1      | Bnni the Formicid Earth Elementalist began the quest for
                  | the Orb.
     0 | D:1      | Reached XP level 1. HP: 13/13 MP: 3/3
     6 | D:1      | Noticed a lindwurm
     6 | D:1      | Noticed a komodo dragon
     6 | D:1      | Noticed a water moccasin
   116 | D:1      | Reached XP level 2. HP: 20/20 MP: 1/5
   119 | D:1      | Learned a level 2 spell: Passwall
   266 | D:1      | Reached skill level 4 in Earth Magic
   514 | D:1      | Reached skill level 1 in Fighting
   514 | D:1      | Reached XP level 3. HP: 26/26 MP: 4/6
  1367 | D:2      | Reached XP level 4. HP: 32/32 MP: 5/7
  1441 | D:2      | Noticed Robin
  1460 | D:2      | Killed Robin
  1703 | D:2      | Learned a level 3 spell: Stone Arrow
  1746 | D:2      | Noticed Terence
  1757 | D:2      | Killed Terence
  1758 | D:2      | Reached XP level 5. HP: 19/38 MP: 5/9
  2009 | D:3      | Reached skill level 5 in Earth Magic
  2026 | D:3      | Killed from afar by an orc priest

Illustrated notes

Levels and vault maps discovered:
D:1:      onia_arrival_zoo_common, layout_loops_ring
D:2:      layout_loops_ring, chequers_avenue, minmay_worlds_worst_comb,
          uniq_robin, uniq_terence
D:3:      layout_rooms, uniq_jessica

Skill      XL: |  1  2  3  4  5 |
---------------+----------------+-----
Earth Magic    | 4 5 |  5.1
Fighting       | 1 2 |  2.1
Transmutations | 2 3 |  3.0
Dodging        | |  1.7
Stealth        | |  2.4
Spellcasting   | |  2.9
Conjurations   | |  0.2

Action                     |  1- 3 |  4- 6 || total
---------------------------+-------+-------++-------
  Melee: Unarmed           |     3 |       ||     3
         Short sword       |       |    12 ||    12
         Dagger            |       |    18 ||    18
   Cast: Sandblast         |    49 |    40 ||    89
Ability: Dig               |       |     2 ||     2
 Armour: Robe              |     4 |     2 ||     6
  Dodge: Dodged            |    17 |    24 ||    41
